 Dungeon Crawl Stone Soup version 0.29-a0-723-gce39da1c22 (webtiles) character file.

Game seed: 14530117682894753011

108424 NiggerDarts the Fencer (level 17, -2/125 HPs)
             Began as a Human Fighter on June 28, 2022.
             Was a Plaything of Xom.
             Slain by Louise the quicksilver ooze (7 damage)
             ... on level 3 of the Spider Nest.
             The game lasted 01:31:52 (31037 turns).

NiggerDarts the Fencer (Human Fighter)             Turns: 31037, Time: 01:31:53

Health: -2/125     AC: 25    Str: 20 (21) XL:     17   Next: 4%
Magic:  17/17      EV:  6    Int:  5 (8)  God:    Xom [...*..]
Gold:   612        SH:  0    Dex: 22 (27) Spells: 16/16 levels left

rFire   + . .      SeeInvis +   a - +6 scimitar "Human's Doom" {spect, Str+4}
rCold   + . .      Faith    .   c - +2 buckler {rPois}
rNeg    . . .      Spirit   .   E - +5 chain mail of Xyut {Dex+4}
rPois   +          Reflect  .   (helmet restricted)
rElec   .          Harm     .   m - +2 cloak {rPois}
rCorr   .          Rampage  .   R - +1 pair of gloves
Will    ++...                   O - +0 pair of boots
Stlth   ..........              J - amulet of regeneration
HPRegen 1.10/turn               B - ring of see invisible
MPRegen 0.15/turn               A - +4 ring of slaying

@: engulfed (cannot breathe), held, hasted, invisible, very quick
A: beak, horns 1, talons 2, agile 1, cold resistance 1, deterioration 2, fire
resistance 1, frail 1, strong-willed 1, screaming 1
a: Renounce Religion


You were on level 3 of the Spider Nest.
You worshipped Xom.
You were a favourite toy of Xom.
You visited 5 branches of the dungeon, and saw 27 of its levels.
You also visited: Volcano.

You collected 3127 gold pieces.
You spent 2515 gold pieces at shops.

Inventory:

Hand Weapons
 a - the +6 scimitar "Human's Doom" (weapon) {spect, Str+4}
   (You acquired it on level 9 of the Dungeon)

   When its wielder attacks, the weapon's spirit leaps out and strikes again.
   The spirit shares a part of any damage it takes with its wielder.
   Str:       It affects your strength (+4).
 e - the +4 dagger of Vired {drain, rElec MP+9 Str-5 Int-3}
   (You found it on level 1 of the Lair of Beasts)

   A truly terrible weapon, it drains the life of any living foe it strikes.
   Str:       It affects your strength (-5).
   Int:       It affects your intelligence (-3).
   rElec:     It insulates you from electricity.
   MP:        It affects your magic capacity (+9).
 w - a +0 scimitar of flaming
Missiles
 h - 16 poisoned darts
 i - 14 curare-tipped darts
 y - 3 boomerangs of dispersal
 z - 2 throwing nets (quivered)
Armour
 c - a +2 buckler of poison resistance (worn)
 m - a +2 cloak of poison resistance (worn)
 E - the +5 chain mail of Xyut (worn) {Dex+4}
   (You bought it in a shop on level 2 of the Orcish Mines)

   Dex:       It affects your dexterity (+4).
 O - a +0 pair of boots (worn)
 R - a +1 pair of gloves (worn)
 Y - +0 ice dragon scales
Jewellery
 g - a ring of protection from cold
 l - a ring of resist corrosion
 o - a +4 ring of protection
 r - the ring of Jicesun {Fly rN+ Str+2, Xom}
   (Xom gifted it to you on level 12 of the Dungeon)

   [ring of flight]

   Str:       It affects your strength (+2).
   rN:        It protects you from negative energy.
   Fly:       It grants you flight.
 s - a ring of willpower
 t - a ring of protection from fire
 A - a +4 ring of slaying (right hand)
 B - a ring of see invisible (left hand)
 J - an amulet of regeneration (around neck)
 V - an amulet of faith
Wands
 j - a wand of flame (22)
 u - a wand of iceblast (15)
 C - a wand of paralysis (25)
 M - a wand of polymorph (8)
 N - a wand of digging (6)
 X - a wand of mindburst (13)
Scrolls
 f - 8 scrolls of teleportation
 n - 4 scrolls of vulnerability
 p - a scroll of enchant weapon {unknown}
 q - a scroll of brand weapon {unknown}
 x - 5 scrolls of magic mapping
 F - 3 scrolls of summoning
 G - 10 scrolls of blinking
 K - 3 scrolls of fog
 T - a scroll of immolation
 U - 7 scrolls of fear
Potions
 d - 2 potions of might
 k - 3 potions of mutation
 v - 5 potions of haste
 I - 10 potions of curing
 L - 4 potions of attraction
 P - 3 potions of berserk rage
 Q - 8 potions of heal wounds
 Z - 4 potions of cancellation {unknown}
Miscellaneous
 H - a condenser vane (inert)
 W - a box of beasts (inert) {Xom}


   Skills:
 - Level 14.0 Fighting
 - Level 10.0(15.7) Short Blades
 - Level 19.1(20.0) Long Blades
 - Level 14.0 Armour
 - Level 5.0 Dodging
 + Level 3.6 Shields


You had 16 spell levels left.
You didn't know any spells.
Your spell library was empty.

Dungeon Overview and Level Annotations

Branches:
Dungeon (15/15)            Temple (1/1) D:7            Lair (6/6) D:11
 Shoals (0/4) Lair:3       Spider (2/4) Lair:3        Slime (0/5) Lair:5
    Orc (2/2) D:10            Elf (0/3) Orc:2        Vaults (0/5) D:13
 Depths (0/4) D:15        Volcano (visited)

Altars:
Ashenzari
Cheibriados
Dithmenos
Elyvilon
Fedhas
Gozag
Hepliaklqana
Kikubaaqudgha
Makhleb
Nemelex Xobeh
Okawaru
Qazlal
Ru
Sif Muna
Trog
Uskayaw
Vehumet
Wu Jian
Xom
Yredelemnul
Zin
The Shining One
Beogh
Jiyva

Shops:
D:6 *   D:9 *   Orc:2 =*[(

Annotations:
Lair:1 1 runed translucent door, Dukayfea's ghost, journeyman SpEn
Lair:6 3 exclusions
Spider:3 Bai Suzhen; Louise
Orc:1 2 runed translucent doors, Zebulonius's ghost, journeyman MiFi


Innate Abilities, Weirdness & Mutations

You have a beak for a mouth.
You have a pair of small horns on your head.
You have razor-sharp toenails.
You are agile. (Dex +4, Str/Int -1)
Your flesh is cold resistant. (rC+)
Your body often deteriorates upon taking damage.
Your flesh is heat resistant. (rF+)
You are frail. (-10% HP)
You are strong-willed. (Will+)
You occasionally shout uncontrollably at your foes.


Message History

The culicivora draws strength from your injuries!
Unknown command.
Press: ? - help, v - describe, . - travel
Here: Louise, wielding a +5 eveningstar of holy wrath, wearing a +0 chain mail and wearing a +0 tower shield The floor.
Unknown command.
You fade into invisibility!
The culicivora barely misses you.
Louise points at you and mumbles some strange words.
The bolt of lightning hits the culicivora!!!
The culicivora dies!
The bolt of lightning hits you!!
Your body deteriorates!
You feel dopey.
Louise evades a web.
You see here a culicivora corpse.
Louise drinks a potion.
Louise's spells are empowered!
Louise points at you and mumbles some strange words.
The stone arrow hits you!!!
* * * LOW HITPOINT WARNING * * *
You are caught in the web!
Xom's power touches on a nearby monster.
Louise evaporates and reforms as a quicksilver ooze!
Louise hits you!
* * * LOW HITPOINT WARNING * * *
Louise engulfs you! Louise hits you but does no damage.
There is a web here.
Unknown command.
You struggle to detach yourself from the web.
* * * LOW HITPOINT WARNING * * *
Your lungs strain for air!
Louise barely misses you. Louise closely misses you. Louise hits you.
Louise hits you but does no damage.
Unknown command.
You cannot read scrolls while unable to breathe!
You feel yourself speed up.
* * * LOW HITPOINT WARNING * * *
Your lungs strain for air!
Louise barely misses you. Louise hits you!
You die...
Xom cackles wildly!

## #### ##≈ ##..###
#..##...^^# .. ...
###J@...†..# .. #.^
#.......#.^# ..
####s. ###......#####
..#....w##...........
...
s.s.^...^.#^......#
..s
.d..°..######...###
°..##ss...... #...#
..s†sssss.... ##...
..w.#.####.. #####


You could see Louise the quicksilver ooze.

Vanquished Creatures
  Agnes (Spider:1)
  A ghost moth (Spider:1)
  Aizul (Spider:1)
  An orc warlord (Orc:2)
  A stone giant (D:15)
  Azrael (D:14)
  2 spark wasps
  2 entropy weavers
  Josephine (Orc:1)
  A great orb of eyes (D:12)
  A fire dragon (D:15)
  7 hydras
  8 vault guards (D:13)
  2 ogre magi
  2 boulder beetles
  A catoblepas (Lair:4)
  Erica (D:9)
  9 two-headed ogres
  6 centaur warriors
  A tengu warrior (D:15)
  3 orc high priests (Orc:2)
  6 skeletal warriors (D:14)
  2 orb spiders
  Lodul (D:11)
  A pharaoh ant (Spider:1)
  3 steelbarb worms
  A lindwurm (Lair:1)
  6 orc knights
  A harpy (D:11)
  2 deep elf pyromancers
  An ugly thing (Lair:6)
  8 wolf spiders (Spider:1)
  6 cyclopes
  5 orc sorcerers
  6 elephants
  A moth of wrath (Spider:2)
  4 manticores
  An elephant (shapeshifter) (D:13)
  An apocalypse crab (Spider:1)
  An ice statue (D:12)
  A torpor snail (Spider:1)
  A guardian serpent (shapeshifter) (D:14)
  A black mamba (Lair:6)
  11 cane toads
  A smoke demon (Lair:6)
  A gargoyle (D:11)
  An unseen horror (D:11)
  11 rime drakes
  A yaktaur (D:15)
  A demonic crawler (Spider:1)
  6 komodo dragons
  An ancient zyme (Lair:6)
  5 trolls
  4 polar bears
  9 meliai
  6 tarantellas
  18 blink frogs
  5 dream sheep (Lair:2)
  2 jumping spiders
  9 culicivoras
  37 yaks
  2 shadows
  A spriggan (Lair:6)
  A wraith (Orc:1)
  A ynoxinul (Lair:6)
  A fire bat (shapeshifter) (D:13)
  A human (shapeshifter) (D:13)
  5 fire elementals
  3 wyverns
  Eustachio (D:4)
  9 steam dragons
  7 basilisks
  16 redbacks
  8 vampire mosquitoes
  A chaos spawn (Lair:6)
  A swamp worm (D:11)
  A naga (D:8)
  4 acid dragons
  3 hell hounds (D:15)
  A water moccasin (shapeshifter) (D:15)
  12 water moccasins
  5 ice beasts
  29 orc warriors
  A black bear (shapeshifter) (D:14)
  A black bear (D:5)
  14 wolves
  19 ogres
  A boggart (shapeshifter) (D:14)
  13 centaurs
  A phantom (D:6)
  2 kobold brigands (D:7)
  5 small abominations (Lair:6)
  8 bullfrogs
  2 necrophages
  2 gnoll sergeants
  6 wights
  22 killer bees
  4 howler monkeys
  An electric eel (Lair:1)
  4 jellies
  21 orc priests
  6 hounds
  4 iguanas
  23 orc wizards
  2 hell rats (Lair:6)
  11 gnolls
  9 adders
  10 river rats (Lair:6)
  2 white imps
  An ufetubus (D:6)
  5 worms
  4 dart slugs
  83 orcs
  7 ball pythons
  5 endoplasms
  9 goblins
  2 hobgoblins
  4 jackals (D:1)
  13 kobolds
  4 quokkas
  5 bats
  4 frilled lizards
  3 rats
698 creatures vanquished.

Vanquished Creatures (collateral kills)
  A two-headed ogre (Volcano)
  A hell knight (Volcano)
  Pikel (D:8)
  An orc sorcerer (D:15)
  Maggie (Lair:1)
  A rime drake (Lair:1)
  A yak (D:11)
  2 basilisks
  Grum (D:8)
  2 redbacks (Spider:3)
  A warg (Orc:2)
  6 orc warriors
  2 wolves (D:8)
  2 bullfrogs
  2 scorpions (D:11)
  2 orc priests
  An orc wizard (Orc:2)
  2 orcs (Orc:2)
30 creatures vanquished.

Vanquished Creatures (others)
  A dancing weapon (Orc:2)
  A culicivora (Spider:3)
  2 wraiths (Orc:1)
  An ogre (Orc:1)
  An orc priest (Orc:2)
  3 orc wizards (Orc:2)
  A bush (Lair:4)
  33 fungi
  27 plants
  2 withered plants (Lair:1)
72 creatures vanquished.

Grand Total: 800 creatures vanquished

Notes
Turn   | Place    | Note
-------+----------+-------------------------------------------
     0 | D:1      | NiggerDarts the Human Fighter began the quest for the Orb.
     0 | D:1      | Reached XP level 1. HP: 18/18 MP: 1/1
   179 | D:1      | Reached XP level 2. HP: 19/24 MP: 2/2
   897 | D:1      | Reached XP level 3. HP: 29/29 MP: 3/3
  2023 | D:2      | Reached XP level 4. HP: 35/35 MP: 4/4
  2305 | D:3      | You fall into a shaft and drop 3 floors!
  2310 | D:5      | Entered Level 5 of the Dungeon
  2434 | D:5      | Reached XP level 5. HP: 41/41 MP: 5/5
  2538 | D:5      | Noticed an ogre
  2690 | D:4      | Reached skill level 5 in Short Blades
  3515 | D:3      | Found a faded altar of an unknown god.
  3640 | D:3      | Reached XP level 6. HP: 47/47 MP: 6/6
  3846 | D:4      | Identified the +0 scale mail of Budu Ned {Harm}
  3903 | D:4      | Noticed Eustachio
  4173 | D:4      | Killed Eustachio
  4380 | D:4      | Reached XP level 7. HP: 52/52 MP: 7/7
  5174 | D:5      | Reached XP level 8. HP: 58/58 MP: 8/8
  5283 | D:5      | Found a glowing silver altar of Zin.
  5791 | D:6      | Reached skill level 10 in Short Blades
  6063 | D:6      | Reached XP level 9. HP: 59/67 MP: 9/9
  6075 | D:6      | Reached skill level 5 in Fighting
  6364 | D:6      | Found Kefoalijihiu's Assorted Antiques.
  6505 | D:6      | Bought a scroll labelled UMNEYPE FAKOTHROMN for 26 gold
                  | pieces
  6505 | D:6      | Bought 2 bubbling amethyst potions for 46 gold pieces
  6505 | D:6      | Bought a scroll labelled PISUUDOALU for 26 gold pieces
  6505 | D:6      | Bought an amethyst potion for 23 gold pieces
  6505 | D:6      | Bought a bubbling blue potion for 23 gold pieces
  6749 | D:6      | Identified the +8 hand axe of Destruction {freeze, Str+2
                  | Int+3 Dex-4}
  6907 | D:6      | Bought a wand of paralysis (6) for 52 gold pieces
  7374 | D:7      | Noticed a troll
  7473 | D:7      | Reached XP level 10. HP: 81/83 MP: 8/10
  7538 | D:7      | Reached skill level 10 in Fighting
  7538 | D:7      | Reached skill level 1 in Dodging
  7895 | D:7      | Found a staircase to the Ecumenical Temple.
  7903 | Temple   | Entered the Ecumenical Temple
  8006 | Temple   | Became a worshipper of Xom of Chaos
  8036 | Temple   | XOM: divination: magic mapping
  8104 | Temple   | XOM: silly message
  8573 | D:8      | XOM: stat loss: -1 Str (16/17)
  8678 | D:8      | XOM: give mutation
  8678 | D:8      | Gained mutation: You are weak. (Str -2) [Xom's mischief]
  8681 | D:8      | XOM: silly message
  8683 | D:8      | XOM: polymorph steam dragon -> naga
  8690 | D:8      | Reached skill level 1 in Long Blades
  8889 | D:8      | XOM: 2-stop teleportation journey
  8896 | D:8      | XOM: summons 1 hostile demon
  8898 | D:8      | XOM: blink monster(s)
  9020 | D:8      | Noticed Pikel
  9020 | D:8      | Noticed Grum
  9030 | D:8      | XOM: summons friendly white imp
  9034 | D:8      | Reached skill level 2 in Long Blades
  9034 | D:8      | XOM: fake destruction
  9044 | D:8      | Killed Pikel
  9045 | D:8      | Reached skill level 3 in Long Blades
  9045 | D:8      | Reached skill level 5 in Dodging
  9049 | D:8      | Killed Grum
  9050 | D:8      | Reached skill level 4 in Long Blades
  9090 | D:8      | XOM: scenery: create altars
  9594 | D:7      | XOM: divination: detect creatures
  9754 | D:9      | XOM: noise
  9793 | D:9      | Noticed Erica
  9824 | D:9      | XOM: silly message
  9836 | D:9      | XOM: swap monsters
  9837 | D:9      | XOM: summons friendly shadow imp
  9909 | D:9      | XOM: potion effect (haste)
  9921 | D:9      | XOM: give mutations
  9921 | D:9      | Gained mutation: You are somewhat resistant to further
                  | mutation. [Xom's mischief]
  9921 | D:9      | Gained mutation: Your mind is acute. (Int +4, Str/Dex -1)
                  | [Xom's mischief]
  9928 | D:9      | Reached skill level 5 in Long Blades
  9994 | D:9      | Reached XP level 11. HP: 90/90 MP: 11/11
  9996 | D:9      | XOM: confuse monster(s)
 10001 | D:9      | Reached skill level 6 in Long Blades
 10020 | D:9      | XOM: noise
 10033 | D:9      | XOM: potion effect (brilliance)
 10039 | D:9      | XOM: potion effect (magic)
 10040 | D:9      | Killed Erica
 10041 | D:9      | Reached skill level 7 in Long Blades
 10183 | D:9      | XOM: noise
 10367 | D:9      | Found Ohujarch's General Store.
 10375 | D:9      | Bought a scroll of identify for 26 gold pieces
 10604 | D:9      | Reached skill level 8 in Long Blades
 10809 | D:10     | Entered Level 10 of the Dungeon
 10985 | D:10     | Found a basalt altar of Yredelemnul.
 10994 | D:10     | Found an iron altar of Okawaru.
 11081 | D:10     | XOM: blink monster(s)
 11089 | D:10     | XOM: confusion (+ monsters)
 11112 | D:10     | Reached skill level 9 in Long Blades
 11115 | D:10     | XOM: confusion (+ monsters)
 11119 | D:10     | XOM: summons 3 friendly demons
 11217 | D:10     | XOM: silly message
 11258 | D:10     | Found a staircase to the Orcish Mines.
 11265 | D:10     | XOM: noise
 11283 | D:10     | XOM: divination: detect creatures
 11289 | D:10     | XOM: fog
 11294 | D:10     | XOM: cleaving
 11302 | D:10     | XOM: cast spell 'Death Channel'
 11553 | D:10     | Found a hide-covered altar of Uskayaw.
 11564 | D:10     | Found a glowing golden altar of the Shining One.
 11676 | D:10     | XOM: cleaving
 11677 | D:10     | XOM: blink monster(s)
 11695 | D:10     | Reached skill level 10 in Long Blades
 11854 | D:10     | XOM: scenery: create altars
 12016 | D:10     | XOM: god gift: 4 stones
 12100 | Orc:1    | Entered Level 1 of the Orcish Mines
 12125 | Orc:1    | XOM: potion effect (heal wounds)
 12132 | Orc:1    | XOM: polymorph orc -> frilled lizard
 12166 | Orc:1    | Noticed an orc sorcerer
 12172 | Orc:1    | Killed an orc sorcerer
 12183 | Orc:1    | Found a large runed translucent door.
 12216 | Orc:1    | Found a large runed translucent door.
 12217 | Orc:1    | Noticed Josephine
 12222 | Orc:1    | XOM: divine lightning
 12317 | Orc:1    | XOM: divination: detect items
 12329 | Orc:1    | XOM: swap monsters
 12465 | Orc:1    | XOM: polymorph orc warrior -> jelly
 12482 | Orc:1    | XOM: divine lightning
 12491 | Orc:1    | Killed Josephine
 12497 | Orc:1    | XOM: confusion (+ monsters)
 12555 | Orc:1    | XOM: 1-stop teleportation journey
 12569 | Orc:1    | XOM: enchant monster (bad)
 12592 | Orc:1    | XOM: chaos cloud
 12601 | Orc:1    | XOM: give mutations
 12601 | Orc:1    | Gained mutation: You occasionally shout uncontrollably at
                  | your foes. [Xom's mischief]
 12601 | Orc:1    | Lost mutation: Your mind is acute. (Int +4, Str/Dex -1)
                  | [Xom's mischief]
 12601 | Orc:1    | Lost mutation: You occasionally shout uncontrollably at
                  | your foes. [Xom's mischief]
 12711 | Orc:1    | XOM: chaos cloud
 12745 | Orc:1    | XOM: give mutation
 12745 | Orc:1    | Lost mutation: You are somewhat resistant to further
                  | mutation. [Xom's mischief]
 12847 | Orc:1    | Reached skill level 11 in Long Blades
 13067 | Orc:1    | Noticed Zebulonius's ghost (journeyman MiFi)
 13229 | Orc:2    | Entered Level 2 of the Orcish Mines
 13237 | Orc:2    | Reached XP level 12. HP: 74/97 MP: 7/12
 13472 | Orc:2    | Found Dehol's Antique Armour Shoppe.
 13472 | Orc:2    | Found Tozxete's Antique Weapon Emporium.
 13472 | Orc:2    | Noticed an orc high priest
 13472 | Orc:2    | Noticed an orc warlord
 13472 | Orc:2    | Noticed an orc high priest
 13472 | Orc:2    | Noticed an orc high priest
 13472 | Orc:2    | XOM: 1-stop teleportation journey
 13473 | Orc:2    | Found Ocufriti's General Store.
 13473 | Orc:2    | Found Ufargh's Jewellery Shoppe.
 13479 | Orc:2    | Bought a dazzling chain mail for 323 gold pieces
 13479 | Orc:2    | Identified the +5 chain mail of Xyut {Dex+4} (You bought it
                  | in a shop on level 2 of the Orcish Mines)
 13479 | Orc:2    | Bought a shiny buckler for 255 gold pieces
 13486 | Orc:2    | XOM: swap monsters
 13490 | Orc:2    | XOM: cleaving
 13723 | D:11     | XOM: noise
 13870 | D:11     | XOM: summons 12 friendly demons
 13894 | D:11     | Found a staircase to the Lair.
 13908 | D:11     | Noticed Sonja
 13912 | D:11     | Noticed Sonja
 13912 | D:11     | Sonja changed into Sonja the harpy
 13915 | D:11     | Killed Sonja the harpy
 13916 | D:11     | Reached skill level 5 in Armour
 14031 | D:11     | XOM: confuse monster(s)
 14080 | D:11     | Noticed Lodul
 14080 | D:11     | XOM: 3-stop teleportation journey
 14176 | D:11     | XOM: noise
 14186 | Lair:1   | Entered Level 1 of the Lair of Beasts
 14203 | Lair:1   | Found a runed translucent door.
 14208 | Lair:1   | Noticed Dukayfea's ghost (journeyman SpEn)
 14327 | Lair:1   | XOM: summons friendly iron imp
 14341 | Lair:1   | Identified the +4 dagger of Vired {drain, rElec MP+9 Str-5
                  | Int-3}
 14395 | Lair:1   | XOM: potion effect (haste)
 14566 | Lair:1   | Found a dark tunnel.
 14569 | Lair:1   | XOM: give mutations
 14569 | Lair:1   | Gained mutation: You occasionally lose the ability to drink
                  | potions when taking damage. [Xom's mischief]
 14569 | Lair:1   | Gained mutation: Armour fits poorly on your strangely
                  | shaped body. [Xom's mischief]
 14569 | Lair:1   | Gained mutation: You are dopey. (Int -2) [Xom's mischief]
 14569 | Lair:1   | Gained mutation: Your body sometimes deteriorates upon
                  | taking damage. [Xom's mischief]
 14575 | Lair:1   | XOM: swap monsters
 14620 | Volcano  | Entered a volcano
 14635 | Volcano  | Noticed a two-headed ogre
 14635 | Volcano  | Noticed a hell knight
 14643 | Volcano  | Killed a hell knight
 14646 | Volcano  | Killed a two-headed ogre
 14697 | Volcano  | Noticed an ogre mage
 14697 | Volcano  | Noticed a two-headed ogre
 14697 | Volcano  | Noticed a two-headed ogre
 14700 | Volcano  | XOM: noise
 14702 | Volcano  | Killed a two-headed ogre
 14702 | Volcano  | Killed a two-headed ogre
 14709 | Volcano  | XOM: silly message
 14712 | Volcano  | Killed an ogre mage
 14712 | Volcano  | Noticed a two-headed ogre
 14720 | Volcano  | XOM: blink monster(s)
 14722 | Volcano  | Killed a two-headed ogre
 14900 | Volcano  | Noticed a two-headed ogre
 14900 | Volcano  | XOM: silly message
 14908 | Volcano  | Killed a two-headed ogre
 14909 | Volcano  | Reached skill level 10 in Armour
 14909 | Volcano  | Reached XP level 13. HP: 95/103 MP: 11/13
 15100 | Lair:1   | XOM: noise
 15146 | Lair:1   | Noticed Maggie
 15152 | Lair:1   | Killed Maggie
 15466 | Lair:2   | XOM: cleaving
 15467 | Lair:2   | Reached skill level 12 in Long Blades
 15507 | Lair:2   | XOM: 1-stop teleportation journey
 15900 | Lair:2   | XOM: summons friendly ufetubus
 15929 | Lair:2   | XOM: noise
 15944 | Lair:2   | XOM: cast spell 'Dispersal'
 16107 | Lair:2   | XOM: noise
 16615 | Lair:3   | XOM: enchant monster (bad)
 16629 | Lair:3   | XOM: noise
 16634 | Lair:3   | Noticed a five-headed hydra
 16645 | Lair:3   | XOM: summons 2 friendly demons
 16751 | Lair:4   | XOM: noise
 16754 | Lair:4   | XOM: swap monsters
 17036 | Lair:4   | Noticed a four-headed hydra
 17036 | Lair:4   | XOM: 1-stop teleportation journey
 17049 | Lair:4   | Killed a one-headed hydra
 17051 | Lair:4   | XOM: summons friendly quasit
 17070 | Lair:4   | XOM: blink monster(s)
 17077 | Lair:4   | XOM: confuse monster(s)
 17083 | Lair:4   | XOM: fake destruction
 17230 | Lair:3   | XOM: polymorph rime drake -> blink frog
 17660 | Lair:3   | XOM: noise
 17662 | Lair:3   | XOM: silly message
 17768 | Lair:3   | XOM: fake destruction
 17771 | Lair:3   | XOM: destruction
 17811 | Lair:3   | XOM: god gift: box of beasts
 17962 | Lair:3   | Killed a one-headed hydra
 18141 | Lair:3   | Found a hole to the Spider Nest.
 18450 | Lair:3   | XOM: summons 2 hostile demons
 18487 | Lair:3   | Found a staircase to the Shoals.
 18947 | Lair:4   | XOM: enchant monster (bad)
 18961 | Lair:4   | XOM: confusion (+ monsters)
 18964 | Lair:4   | XOM: noise
 18970 | Lair:4   | XOM: enchant monster (good)
 18978 | Lair:5   | Reached XP level 14. HP: 51/118 MP: 8/14
 19225 | Lair:4   | XOM: silly message
 19315 | Lair:4   | XOM: scenery: create altars
 19547 | Lair:4   | XOM: 10-stop teleportation journey
 19753 | Lair:4   | XOM is BORED!
 19753 | Lair:4   | XOM: summons 7 hostile demons
 19898 | Lair:5   | Found a viscous altar of Jiyva.
 19898 | Lair:5   | Found a staircase to the Slime Pits.
 19930 | Lair:5   | XOM: enchant monster (good)
 19972 | Lair:5   | XOM: blink monster(s)
 20001 | Lair:5   | XOM: 1-stop teleportation journey
 20493 | Lair:5   | XOM: give mutation
 20493 | Lair:5   | Lost mutation: Armour fits poorly on your strangely shaped
                  | body. [Xom's mischief]
 20624 | Lair:6   | Entered Level 6 of the Lair of Beasts
 20722 | Lair:6   | XOM: cast spell 'Chain of Chaos'
 20828 | Lair:6   | XOM: give mutation
 20828 | Lair:6   | Gained mutation: You occasionally shout uncontrollably at
                  | your foes. [Xom's mischief]
 21144 | Lair:6   | XOM: summons 5 friendly demons
 21616 | Lair:6   | XOM: give mutation
 21616 | Lair:6   | Gained mutation: You are agile. (Dex +4, Str/Int -1) [Xom's
                  | mischief]
 21622 | Lair:6   | XOM: blink monster(s)
 21718 | Lair:6   | XOM: give mutations
 21718 | Lair:6   | Gained mutation: You have a beak for a mouth. [Xom's grace]
 21718 | Lair:6   | Gained mutation: Your flesh is heat resistant. (rF+) [Xom's
                  | grace]
 21718 | Lair:6   | Gained mutation: You have a pair of small horns on your
                  | head. [Xom's grace]
 21718 | Lair:6   | Gained mutation: You are somewhat resistant to further
                  | mutation. [Xom's grace]
 22014 | Lair:2   | XOM: divination: detect items
 22021 | Lair:1   | XOM: give mutations
 22021 | Lair:1   | Lost mutation: You are somewhat resistant to further
                  | mutation. [Xom's grace]
 22021 | Lair:1   | Gained mutation: You have hidden genetic potential. [Xom's
                  | grace]
 22021 | Lair:1   | Gained mutation: You have sharp toenails. [Xom's grace]
 22086 | D:11     | XOM: polymorph two-headed ogre -> swamp worm
 22302 | D:11     | XOM: confuse monster(s)
 22439 | D:11     | Killed Lodul
 22849 | Orc:2    | XOM: scenery: create altars
 22853 | Orc:2    | XOM: scenery: create altars
 22860 | Orc:2    | XOM: confuse monster(s)
 22870 | Orc:2    | XOM: summons 9 friendly demons
 22871 | Orc:2    | Killed an orc warlord
 22923 | Orc:2    | XOM: confuse monster(s)
 22924 | Orc:2    | Reached XP level 15. HP: 94/123 MP: 15/15
 22994 | Orc:2    | XOM: potion effect (invisibility)
 22995 | Orc:2    | Paralysed by an orc sorcerer for 5 turns
 23002 | Orc:2    | XOM: enchant monster (good)
 23023 | Orc:2    | XOM: divination: detect items
 23026 | Orc:2    | XOM: cast spell 'Summon Cactus Giant'
 23037 | Orc:2    | XOM: summons friendly white imp
 23038 | Orc:2    | XOM: scenery: summon butterflies
 23042 | Orc:2    | XOM: divination: detect creatures
 23043 | Orc:2    | Reached skill level 13 in Long Blades
 23057 | Orc:2    | XOM: divination: detect creatures
 23133 | Orc:2    | XOM: enchant monster (bad)
 23302 | Orc:2    | XOM: summons 2 friendly demons
 23428 | Orc:2    | XOM: scenery: create altars
 23461 | Orc:2    | Found a staircase to the Elven Halls.
 23463 | Orc:2    | XOM: god gift: book of Spectacle
 23632 | Orc:2    | Bought a scroll of immolation for 52 gold pieces
 23632 | Orc:2    | Bought a scroll of summoning for 142 gold pieces
 23655 | Orc:2    | Bought a ring of willpower for 325 gold pieces
 23660 | Orc:2    | Bought a ring of protection from cold for 325 gold pieces
 23667 | Orc:2    | Bought a ring of see invisible for 195 gold pieces
 23836 | D:12     | XOM: god gift: +4 ring of slaying
 23854 | D:11     | XOM: stat loss: -1 Str (12/14)
 23993 | D:11     | XOM: give mutations
 23993 | D:11     | Gained mutation: You have a pair of horns on your head.
                  | [Xom's grace]
 23993 | D:11     | Lost mutation: You are weak. (Str -2) [Xom's grace]
 24038 | D:12     | XOM: cleaving
 24345 | D:11     | XOM: give mutations
 24345 | D:11     | Gained mutation: You have razor-sharp toenails. [Xom's
                  | grace]
 24345 | D:11     | Gained mutation: Your flesh is cold resistant. (rC+) [Xom's
                  | grace]
 24408 | D:12     | XOM: fog
 24409 | D:12     | XOM: polymorph ice dragon -> boulder beetle
 24413 | D:12     | XOM: polymorph boulder beetle -> great orb of eyes
 24418 | D:12     | Reached skill level 14 in Long Blades
 24643 | D:12     | XOM: summons friendly ufetubus
 24820 | D:12     | XOM: scenery: create altars
 24866 | D:12     | Identified the ring of Jicesun {Fly rN+ Str+2} (Xom gifted
                  | it to you on level 12 of the Dungeon)
 24866 | D:12     | XOM: god gift: ring of Jicesun {Fly rN+ Str+2}
 25041 | D:12     | XOM: summons 10 friendly demons
 25321 | D:13     | XOM: scenery: summon butterflies
 25349 | D:13     | XOM: scenery: summon butterflies
 25369 | D:13     | XOM: scenery: summon butterflies
 25524 | D:13     | XOM: 2-stop teleportation journey
 25648 | D:13     | Lost mutation: You are dopey. (Int -2) [hidden potential]
 25847 | D:13     | Found a gate to the Vaults.
 25851 | D:13     | XOM: enchant monster (good)
 25857 | D:13     | Reached skill level 15 in Long Blades
 25862 | D:13     | XOM: enchant monster (good)
 26219 | D:13     | XOM: give mutations
 26219 | D:13     | Gained mutation: You are strong-willed. (Will+) [Xom's
                  | grace]
 26219 | D:13     | Lost mutation: You have hidden genetic potential. [Xom's
                  | grace]
 26219 | D:13     | Gained mutation: You are somewhat resistant to further
                  | mutation. [Xom's grace]
 26323 | D:14     | XOM: fog
 26398 | D:14     | XOM: 4-stop teleportation journey
 26417 | D:14     | XOM: fog
 26462 | D:14     | XOM: cleaving
 26508 | D:14     | XOM: cloud trail
 26660 | D:14     | XOM: 6-stop teleportation journey
 26787 | D:14     | XOM: scenery: 1 doors close
 26865 | D:14     | Reached skill level 16 in Long Blades
 26865 | D:14     | Found a stormy altar of Qazlal.
 27144 | D:14     | Reached XP level 16. HP: 123/133 MP: 16/16
 27305 | D:15     | Entered Level 15 of the Dungeon
 27305 | D:15     | XOM: enchant monster (good)
 27406 | D:14     | XOM: give mutations
 27406 | D:14     | Gained mutation: Armour fits poorly on your strangely
                  | shaped body. [Xom's mischief]
 27406 | D:14     | Lost mutation: You are somewhat resistant to further
                  | mutation. [Xom's mischief]
 27406 | D:14     | Lost mutation: Armour fits poorly on your strangely shaped
                  | body. [Xom's mischief]
 27852 | D:14     | XOM: confusion
 27856 | D:14     | XOM: summons 4 hostile shadow creatures
 27864 | D:14     | XOM: chaos cloud
 27873 | D:14     | XOM: chaos cloud
 27942 | D:13     | XOM: stat loss: -1 Str (16/17)
 28040 | D:13     | XOM: give mutations
 28040 | D:13     | Gained mutation: Your body often deteriorates upon taking
                  | damage. [Xom's mischief]
 28040 | D:13     | Lost mutation: You occasionally lose the ability to drink
                  | potions when taking damage. [Xom's mischief]
 28040 | D:13     | Gained mutation: You are frail. (-10% HP) [Xom's mischief]
 28092 | D:14     | XOM: stat loss: -1 Str (15/17)
 28167 | D:15     | Found a white marble altar of Elyvilon.
 28187 | D:15     | XOM: confusion
 28194 | D:15     | XOM: butterfly on damage
 28461 | D:15     | Found a staircase to the Depths.
 28591 | D:14     | XOM: noise
 28598 | D:15     | XOM: stat loss: -1 Dex (25/27)
 28608 | D:15     | Reached skill level 17 in Long Blades
 28663 | D:15     | XOM: noise
 28715 | D:15     | Noticed Azrael
 28736 | D:15     | XOM: summons 1 hostile demon
 28807 | D:14     | XOM: silly message
 28876 | D:14     | Killed Azrael
 28983 | D:15     | XOM: summons 4 hostile demons
 29143 | D:9      | Bought a scroll of acquirement for 676 gold pieces
 29147 | D:9      | Acquired the +6 scimitar "Human's Doom" {spect, Str+4}
 29323 | Spider:1 | Entered Level 1 of the Spider Nest
 29353 | Spider:1 | XOM: silly message
 29379 | Spider:1 | XOM: swap monsters
 29528 | Spider:1 | Reached skill level 18 in Long Blades
 29568 | Spider:1 | Noticed Aizul
 29576 | Spider:1 | Killed Aizul
 29791 | Spider:1 | XOM: give mutation
 29791 | Spider:1 | Lost mutation: You have a pair of horns on your head.
                  | [Xom's mischief]
 29921 | Spider:1 | XOM: stat loss: -1 Dex (21/27)
 30065 | Spider:1 | XOM: god gift: 31 gold pieces
 30086 | Spider:1 | XOM: polymorph demonic crawler -> apocalypse crab
 30091 | Spider:1 | Noticed Agnes
 30109 | Spider:1 | Killed Agnes
 30747 | Spider:2 | Reached skill level 19 in Long Blades
 30790 | Spider:2 | XOM: 4-stop teleportation journey
 30862 | Spider:2 | XOM: fake destruction
 30871 | Spider:2 | Reached XP level 17. HP: 105/125 MP: 17/17
 31016 | Spider:2 | You fall into a shaft and drop 1 floor!
 31016 | Spider:3 | XOM: noise
 31020 | Spider:3 | Noticed Bai Suzhen
 31022 | Spider:3 | Noticed Louise
 31035 | Spider:3 | Noticed Louise
 31035 | Spider:3 | Louise changed into Louise the quicksilver ooze
 31035 | Spider:3 | XOM: polymorph Louise -> Louise the quicksilver ooze
 31037 | Spider:3 | HP: 4/125 [drowned by Louise the quicksilver ooze (6)]
 31037 | Spider:3 | Slain by Louise the quicksilver ooze

Illustrated notes

Levels and vault maps discovered:
D:1:      lightli_arrival_noodles, layout_rooms, serial_co_window_serial,
          co_window_paths_a, co_window_paths_a, co_window_paths_a,
          co_window_paths_b, co_window_paths_b, co_window_paths_a,
          co_window_of_opportunity_a, co_window_paths_b, co_window_cross_1,
          co_window_cross_2, co_window_corner_cb, co_window_corner_b,
          co_window_broadway_c, co_window_corner_b, co_window_broadway_b,
          glass_columns_a, glass_columns_c, glass_columns_b,
          minmay_misc_feat_ornament
D:2:      layout_basic
D:3:      layout_loops_ring, shapermc_ecumenical_altar_petra
D:4:      layout_rooms, kennysheep_generic_room_15, uniq_eustachio
D:5:      layout_basic, mainiacjoe_overflow_tiny_flanked,
          minmay_misc_feat_roman, minivault_5
D:6:      layout_rooms, serial_shops, shop, minmay_quadrilaterals
D:7:      layout_cave_pools, minmay_temple_entry_trees
D:8:      layout_basic, uniq_pikel, uniq_grum
D:9:      layout_cave_pods, serial_shops, shop, uniq_erica
D:10:     layout_loops_ring, mainiacjoe_overflow_large_starburst,
          mainiacjoe_overflow_swirl, david_orc_5, serial_rivers,
          chequers_serial_rivers_small_b, chequers_serial_rivers_micro_a,
          chequers_serial_rivers_small_3, chequers_serial_rivers_micro_a,
          hex_tiny
D:11:     layout_roguey, grunt_lair_entry_orc_guard_hut, uniq_sonja, uniq_lodul
D:12:     layout_basic, ice2_lemuel
D:13:     layout_loops_cross, erik_vaults_2, ebering_dispersal_statue_hall
D:14:     layout_irregular_city, roderic_cross_of_infinity,
          minmay_misc_feat_columns, nicolae_qazlal_scattered_showers
D:15:     grunt_enter_depths_giant_problem, layout_rooms, elyvilon_altar_3,
          uniq_azrael
Temple:   minmay_crystal_spiral_temple
Lair:1:   layout_concentric_octagons, gammafunk_ghost_grave,
          nicolae_volcano_entry_vermiform, grunt_megastairs_4,
          serial_bayou_shore_b, infiniplex_staircase_pool, uniq_maggie
Lair:2:   layout_cave_pods, nicolae_lair_grazing_beasts
          [nicolae_sub_lair_graze_edge, nicolae_sub_lair_graze_edge,
          nicolae_sub_lair_graze_edge, nicolae_sub_lair_graze_edge],
          lemuel_fruit_tree
Lair:3:   layout_cave_pods, shoals_dummy_entry, dummy_spider_entry,
          bobbens_dragon_lair_wall
Lair:4:   layout_regular_city, kennysheep_catoblepas_arena
Lair:5:   layout_regular_city, dpeg_slime_entry_enclosed, serial_bayou_shore_b
Lair:6:   hellmonk_lair_end_abyssal_woods, layout_cave_pods, kennysheep_rathole
Spider:1: layout_spider_delve, hangedman_spider_tarantella_strand, uniq_aizul,
          uniq_agnes
Spider:2: layout_chambers
Spider:3: layout_spider_delve, guppyfry_hornet_nest, uniq_bai_suzhen,
          uniq_arachne, uniq_louise, uniq_mlioglotl
Orc:1:    layout_caves, ebering_ghost_disaster_area, basic_altar, uniq_josephine
Orc:2:    st_orc_congregation, layout_diamond_mine

Skill      XL: |  1  2  3  4  5  6  7  8  9 10 11 12 13 14 15 16 |
---------------+-------------------------------------------------+-----
Short Blades   | 3 4 5 6 8 10 | 10.0
Fighting       | 4 9 10 13 14 | 14.0
Dodging        | 5 |  5.0
Long Blades    | 5 11 12 16 19 | 19.1
Armour         | 10 13 14 | 14.0
Shields        | |  3.6

Action                   |  1- 3 |  4- 6 |  7- 9 | 10-12 | 13-15 | 16-18 || total
-------------------------+-------+-------+-------+-------+-------+-------++-------
Melee: Rapier            |    38 |     6 |   234 |   187 |       |       ||   465
       Dagger            |    88 |   244 |       |       |       |       ||   332
       Scimitar          |       |       |       |   453 |   100 |   168 ||   721
       Great sword       |       |       |       |       |   828 |   130 ||   958
       Headbutt          |       |       |       |       |   117 |    93 ||   210
       Peck              |       |       |       |       |   104 |    76 ||   180
Throw: Dart              |       |     4 |     1 |     9 |    10 |     1 ||    25
Evoke: Wand              |       |       |       |     5 |     6 |     3 ||    14
       Condenser vane    |       |       |       |       |     2 |     1 ||     3
       Box of beasts     |       |       |       |       |     1 |     2 ||     3
  Use: Scroll            |       |       |       |    12 |     8 |     6 ||    26
       Potion            |       |       |       |     1 |     1 |     2 ||     4
 Stab: Confused          |       |       |       |     4 |     8 |     4 ||    16
       Sleeping          |       |       |       |     1 |       |       ||     1
       Paralysed         |       |       |       |     3 |     2 |       ||     5
       Distracted        |       |       |       |     1 |     3 |     3 ||     7
       Invisible         |       |       |       |       |     7 |       ||     7
       Petrified         |       |       |       |       |     4 |       ||     4
Armor: Scale mail        |    44 |   115 |   104 |    12 |       |       ||   275
       Troll leather arm |       |       |       |   250 |       |       ||   250
       Chain mail        |       |       |       |    57 |   718 |   224 ||   999
Dodge: Dodged            |    32 |    84 |    78 |   425 |   454 |   183 ||  1256
Block: Buckler           |    21 |    44 |    52 |   170 |    30 |    59 ||   376

Table legend: (Time is in decaauts)
 A = Elapsed time spent in this place.
 B = Non-inter-level travel time spent in this place.
 C = Inter-level travel time spent in this place.
 D = Time resting spent in this place.
 E = Time spent auto-exploring this place.
 F = Levels seen in this place.
 G = Mean time per level.
                   A        B        C        D        E       F      G
               +--------+--------+--------+--------+--------+-----+--------+
         Total |  30633 |  28391 |   2242 |   4249 |  17405 |  28 | 1094.0 |
       Dungeon |  18317 |  17110 |   1207 |   2419 |  11020 |  15 | 1221.1 |
        Temple |    224 |    141 |     83 |      0 |    117 |   1 |  224.0 |
          Lair |   7750 |   7049 |    701 |   1271 |   4098 |   6 | 1291.7 |
   Spider Nest |   1464 |   1368 |     96 |      0 |   1061 |   3 |  488.0 |
  Orcish Mines |   2465 |   2311 |    154 |    456 |   1045 |   2 | 1232.5 |
       Volcano |    411 |    411 |      0 |    103 |     64 |   1 |  411.0 |
               +--------+--------+--------+--------+--------+-----+--------+

Top non-repeatable levels by time:
    D:14: 1908 daAuts
  Lair:3: 1727 daAuts
    D:11: 1673 daAuts
  Lair:4: 1491 daAuts
    D:10: 1478 daAuts
     D:6: 1469 daAuts
     D:1: 1419 daAuts
  Lair:6: 1381 daAuts
   Orc:1: 1365 daAuts
     D:3: 1213 daAuts
     D:5: 1180 daAuts
     D:8: 1138 daAuts
Spider:1: 1120 daAuts
  Lair:5: 1116 daAuts
     D:7: 1105 daAuts
